 Dungeon Crawl Stone Soup version 0.28-b1-78-gc65acfa365 (webtiles) character file.

Game seed: 4713309402182126161

125738 vilexy the Devastator (level 16, -2/89 (93) HPs)
             Began as a Gargoyle Conjurer on Feb 3, 2022.
             Was an Elder of Ru.
             Shot with a bolt by Vashnia (18 damage)
             ... on level 2 of the Snake Pit on Feb 4, 2022.
             The game lasted 04:21:39 (60916 turns).

vilexy the Devastator (Gargoyle Conjurer)          Turns: 60916, Time: 04:21:42

HP:   -2/89 (93)    AC: 32    Str:  9    XL:     16   Next: 96%
MP:   11/30         EV:  5    Int: 38    God:    Ru [****..]
Gold: 335           SH:  2    Dex:  8    Spells: 4/42 levels left

rFire   . . .      SeeInvis .   J - +12 flail "Popnu" {vorpal, rN++ Str-2 Int+5}
rCold   + . .      Faith    .   s - +0 buckler
rNeg    + + +      Spirit   .   F - +1 steam dragon scales
rPois   ∞          Reflect  .   V - +2 helmet {Int+3}
rElec   +          Harm     .   p - +1 cloak
rCorr   .          Rampage  .   c - +0 pair of gloves of Ziurol {rC+ rN+ Int+3}
Will    +....                   M - +2 pair of boots
Stlth   ++........              b - amulet of magic regeneration
HPRegen 0.00/turn               j - ring of wizardry
MPRegen 0.62/turn               i - ring of wizardry

@: exhausted, flying, inhibited regen, lightly drained
A: sickness immunity, AC +12, big wings, frail 1, negative energy resistance 1,
electricity resistance, torment resistance 1, petrification resistance,
inability to train dodging, reduced EV 1, low MP 1, inhibited regeneration
a: Renounce Religion, Sacrifice Love, Sacrifice Words, Sacrifice Arcana, Reject
Sacrifices, Draw Out Power, Power Leap


You were on level 2 of the Snake Pit.
You worshipped Ru.
Ru was greatly pleased with you.
You visited 6 branches of the dungeon, and saw 29 of its levels.

You collected 2176 gold pieces.
You spent 1841 gold pieces at shops.

Inventory:

Hand Weapons
 m - a +0 demon trident of freezing
 J - the +12 flail "Popnu" (weapon) {vorpal, rN++ Str-2 Int+5}
   (You found it on level 7 of the Dungeon)

   It inflicts extra damage upon your enemies.
   Str:       It affects your strength (-2).
   Int:       It affects your intelligence (+5).
   rN:        It greatly protects you from negative energy.
Missiles
 x - 27 boomerangs
Armour
 c - the +0 pair of gloves of Ziurol (worn) {rC+ rN+ Int+3}
   (You bought it in a shop on level 2 of the Orcish Mines)

   Int:       It affects your intelligence (+3).
   rC:        It protects you from cold.
   rN:        It protects you from negative energy.
 p - a +1 cloak (worn)
 s - a +0 buckler (worn)
 F - +1 steam dragon scales (worn)
 M - a +2 pair of boots (worn)
 T - a +0 chain mail
 V - a +2 helmet of intelligence (worn)
Magical Staves
 q - a staff of air
 v - a staff of earth
Jewellery
 a - a +6 ring of intelligence
 b - an amulet of magic regeneration (around neck)
 i - a ring of wizardry (right hand)
 j - a ring of wizardry (left hand)
 N - a ring of ice
Wands
 g - a wand of polymorph (12)
 l - a wand of paralysis (12)
 D - a wand of flame (29)
 G - a wand of digging (15)
 O - a wand of acid (7)
 X - a wand of iceblast (19)
 Z - a wand of mindburst (11)
Scrolls
 r - 8 scrolls of fear
 t - a scroll of brand weapon
 u - 4 scrolls of enchant weapon
 y - 2 scrolls of magic mapping
 C - 3 scrolls of blinking
 H - 3 scrolls of amnesia
 I - a scroll of silence
 L - 3 scrolls of immolation
 Q - 6 scrolls of teleportation
 S - 2 scrolls of fog
Potions
 f - a potion of berserk rage
 h - 6 potions of curing
 k - 2 potions of magic
 o - 3 potions of invisibility
 w - 2 potions of resistance
 z - 3 potions of ambrosia
 E - 3 potions of brilliance
 P - 5 potions of haste
 R - a potion of might
Miscellaneous
 d - a box of beasts
 e - a tin of tremorstones (2/2)


   Skills:
 - Level 13.0 Fighting
 - Level 9.0 Maces & Flails
 - Level 14.5 Armour
 + Level 5.0 Stealth
 + Level 13.8 Spellcasting
 + Level 15.5 Conjurations
 + Level 2.5 Hexes
 - Level 6.1 Air Magic
 + Level 6.6 Evocations


You had 4 spell levels left.
You knew the following spells:

 Your Spells              Type           Power      Damage    Failure   Level
a - Magic Dart            Conj           100%       1d8       0%          1
b - Searing Ray           Conj           100%       2d8       0%          2
c - Fulminant Prism       Conj/Hex       38%        3d18      1%          4
d - Iskenderun's Mystic   Conj/Tloc      71%        2d14      1%          4
e - Hailstorm             Conj/Ice       71%        3d15      1%          4
f - Lightning Bolt        Conj/Air       41%        1d60      1%          5
g - Swiftness             Air            64%        N/A       1%          3
h - Poisonous Vapours     Pois/Air       98%        N/A       1%          2
i - Teleport Other        Tloc           26%        N/A       1%          3
j - Leda's Liquefaction   Hex/Erth       18%        N/A       3%          4
k - Static Discharge      Conj/Air       83%        N/A       1%          2
l - Flame Wave            Conj/Fire      71%        2d13      1%          4

Your spell library contained the following spells:

 Spells                   Type           Power      Damage    Failure   Level
 Apportation              Tloc           52%        N/A       1%          1
 Foxfire                  Conj/Fire      100%       2x1d9     1%          1
 Freeze                   Ice            100%       1d11      1%          1
 Corpse Rot               Necr/Air       98%        N/A       1%          2
 Ensorcelled Hibernation  Hex/Ice        72%        N/A       1%          2
 Passwall                 Tmut/Erth      21%        N/A       1%          2
 Call Canine Familiar     Summ           26%        N/A       1%          3
 Conjure Flame            Conj/Fire      71%        6-21      1%          3
 Dazzling Flash           Conj/Hex       100%       N/A       1%          3
 Frozen Ramparts          Ice            52%        1d7       1%          3
 Gell's Gravitas          Tloc           26%        N/A       1%          3
 Ignite Poison            Fire/Tmut/Pois 26%        N/A       1%          3
 Inner Flame              Hex/Fire       36%        N/A       1%          3
 Lesser Beckoning         Tloc           26%        N/A       1%          3
 Portal Projectile        Hex/Tloc       72%        N/A       1%          3
 Spider Form              Tmut/Pois      26%        N/A       1%          3
 Anguish                  Hex/Necr       18%        N/A       3%          4
 Dispel Undead            Necr           26%        3d13      5%          4
 Alistair's Intoxication  Tmut/Pois      17%        N/A       13%         5
 Death Channel            Necr           13%        N/A       54%         6
 Maxwell's Capacitive Co  Air            32%        ∞         90%         8
 Polar Vortex             Ice            13%        N/A       100%        9


Dungeon Overview and Level Annotations

Branches:
Dungeon (15/15)            Temple (1/1) D:5            Lair (6/6) D:9
  Swamp (2/4) Lair:3        Snake (3/4) Lair:2        Slime (0/5) Lair:6
    Orc (2/2) D:9             Elf (0/3) Orc:2        Vaults (0/5) D:14
 Depths (0/4) D:15

Altars:
Ashenzari
Cheibriados
Dithmenos
Elyvilon
Fedhas
Gozag
Hepliaklqana
Kikubaaqudgha
Makhleb
Nemelex Xobeh
Okawaru
Qazlal
Ru
Sif Muna
Trog
Uskayaw
Vehumet
Wu Jian
Xom
Yredelemnul
Zin
The Shining One
Jiyva

Shops:
Orc:2 **([[   Snake:1 ::=   Snake:2 [

Annotations:
D:6 2 transporters
D:11 2 runed translucent doors, ghwc's ghost, journeyman TrAK
Lair:6 1 runed translucent door, Hiezim's ghost, journeyman DECj
Snake:1 3 runed translucent doors, nogo's ghost, adept HOFi
Snake:2 Vashnia


Innate Abilities, Weirdness & Mutations

You are immune to sickness and miasma.
Your stone body is resilient. (AC +12)
You are immune to poison.
Your large and strong wings let you fly.
You are frail. (-10% HP)
You resist negative energy. (rN+)
You are resistant to electric shocks. (rElec)
You are resistant to unholy torment.
You are immune to petrification.
You cannot train Dodging skill.
You have somewhat slow reflexes. (EV -5)
Your magical capacity is low. (-10% MP)
You do not regenerate when monsters are visible.


Message History

Press: ? - help, Shift-Dir - straight line, f/p - Vashnia
Aim: Vashnia, wielding a +0 arbalest, wearing a +0 barding of flying and quivering bolts (heavily wounded, catching her breath, 68% to hit)
The searing ray hits Vashnia.
Vashnia is heavily wounded. (Press . to maintain the ray.) Vashnia mumbles some strange words.
Vashnia magically shoots a bolt.
The bolt hits you!!
* * * LOW HITPOINT WARNING * * *
You feel much better.
Vashnia shoots a bolt.
The bolt hits you!
* * * LOW HITPOINT WARNING * * *
You are restored by drawing out deep reserves of power within.
You feel drained.
Vashnia shoots a bolt.
The bolt hits you.
Casting: Searing Ray (safe; 0% risk of failure)
Confirm with . or Enter, or press ? or * to list all spells.
Casting: Flame Wave (safe; 1% risk of failure)
Press: ? - help, Dir - look around, f - activate A wave of flame ripples out! (Press . to intensify the flame waves.) Vashnia shoots a bolt.
The bolt hits you!!
* * * LOW HITPOINT WARNING * * *
Casting: Flame Wave (safe; 1% risk of failure)
Confirm with . or Enter, or press ? or * to list all spells.
Okay, then.
You feel better.
Vashnia shoots a bolt.
The bolt hits you.
* * * LOW HITPOINT WARNING * * *
Aiming: Iceblast
Press: ? - help, Shift-Dir - straight line, f - Vashnia
Aim: Vashnia, wielding a +0 arbalest, wearing a +0 barding of flying and quivering bolts (heavily wounded)
The mass of ice explodes!
The iceblast engulfs Vashnia!
Vashnia is severely wounded.
Vashnia spits poison at you.
The splash of poison hits you but does no damage.
You resist.
Aiming: Iceblast
Press: ? - help, Shift-Dir - straight line, f/p - Vashnia
Aim: Vashnia, wielding a +0 arbalest, wearing a +0 barding of flying and quivering bolts (severely wounded, catching her breath)
The mass of ice explodes!
The iceblast engulfs Vashnia.
Vashnia is severely wounded.
Vashnia shoots a bolt.
The bolt hits you!!
You die...

........##.......##
)...∩.............#
..................##
..8...>.......[....#
........[..........#
...................#
#.....##...........#
###...###..........#
##### #.......@(##
## #......>..#
.########.......N.#
##.......##......##
##.......##.....#
##.......^###....###
#..........###.....#
#...........#####..#
............## ###.#


You could see Vashnia (catching breath).

Vanquished Creatures
  Kirke (D:15)
  Gastronok (D:10)
  2 nagarajas (Snake:2)
  Aizul (Swamp:2)
  An orc warlord (Orc:2)
  2 eleionomae (Swamp:1)
  2 bunyips
  A fire dragon (D:15)
  Fannar (D:10)
  An ettin (Orc:1)
  A vault guard (D:14)
  4 naga warriors
  A merfolk avatar (Lair:6)
  Erolcha (D:12)
  A death knight (D:13)
  7 anacondas
  A boulder beetle (D:14)
  15 hydras
  5 centaur warriors
  An alligator (Swamp:1)
  11 death yaks
  5 two-headed ogres
  4 naga sharpshooters
  6 orc high priests
  2 shock serpents
  Sonja (Lair:4)
  4 skeletal warriors (D:15)
  2 goliath frogs
  3 bog bodies
  2 spriggan druids
  A sea snake (Lair:6)
  3 naga ritualists
  A death drake (Swamp:1)
  7 orc knights
  A harpy (Lair:6)
  A deep elf pyromancer (D:13)
  An orc sorcerer (Orc:1)
  A will-o-the-wisp (Swamp:1)
  3 cyclopes
  5 manticores
  7 mana vipers
  7 ugly things
  3 salamanders
  3 elephants
  Maurice (D:11)
  A guardian serpent (shapeshifter) (D:13)
  28 black mambas
  5 naga magi
  2 unseen horrors
  9 cane toads
  2 torpor snails
  A gargoyle (D:13)
  A freezing wraith (D:15)
  9 komodo dragons
  A kobold demonologist (D:11)
  7 rime drakes
  6 tyrant leeches
  2 hornets
  A bloated husk (Swamp:2)
  2 wind drakes (Lair:6)
  Grinder (D:3)
  A polar bear (Lair:6)
  7 slime creatures
  4 trolls
  8 blink frogs
  7 dream sheep
  A shadow (D:10)
  4 wraiths
  Sigmund (D:6)
  A spriggan (Swamp:2)
  A vampire (D:11)
  7 hogs (D:15)
  5 wyverns
  38 yaks
  Grum (D:8)
  A vampire mosquito (D:14)
  4 basilisks
  A basilisk (shapeshifter) (D:14)
  7 swamp worms
  Menkaure (D:6)
  A steam dragon (D:6)
  8 wargs
  32 nagas
  3 acid dragons
  16 water moccasins
  An ice beast (D:6)
  35 orc warriors
  Pargi (D:4)
  5 black bears
  7 ogres
  14 wolves
  A phantom (D:5)
  16 centaurs
  11 bullfrogs
  A scorpion (D:4)
  A water moccasin skeleton (D:5)
  9 killer bees
  12 wights
  2 howler monkeys
  An electric eel (Lair:6)
  2 centaur zombies
  2 jellies
  31 orc priests
  A hound (D:6)
  15 orc wizards
  5 hell rats (Lair:2)
  4 iguanas
  Terence (D:3)
  A killer bee zombie (D:4)
  A hound skeleton (D:4)
  3 howler monkey zombies
  7 adders
  A howler monkey skeleton (D:4)
  A white imp (D:7)
  An ufetubus (D:6)
  A worm (D:2)
  A dart slug (D:2)
  86 orcs
  8 ball pythons
  9 endoplasms
  3 giant cockroaches
  5 goblins
  5 hobgoblins
  4 jackals (D:4)
  5 kobolds
  2 quokkas (D:4)
  3 bats
  6 frilled lizards
  4 rats
  2 fulminant prisms
710 creatures vanquished.

Vanquished Creatures (others)
  A swamp worm (Swamp:1)
  8 foxfires (Swamp:1)
  451 fulminant prisms
  88 fungi
  99 plants
647 creatures vanquished.

Grand Total: 1357 creatures vanquished

Notes
Turn   | Place    | Note
-------+----------+-------------------------------------------
     0 | D:1      | vilexy the Gargoyle Conjurer began the quest for the Orb.
     0 | D:1      | Reached XP level 1. HP: 10/10 MP: 3/3
   375 | D:1      | Reached XP level 2. HP: 15/15 MP: 1/5
   379 | D:1      | Learned a level 2 spell: Searing Ray
  1119 | D:2      | Reached XP level 3. HP: 19/19 MP: 2/6
  1189 | D:2      | Reached skill level 5 in Conjurations
  1911 | D:2      | Found a faded altar of an unknown god.
  2233 | D:3      | Found a shadowy altar of Dithmenos.
  2305 | D:3      | Found a sacrificial altar of Ru.
  2314 | D:3      | Became a worshipper of Ru the Awakened
  2380 | D:3      | Noticed Terence
  2422 | D:3      | Killed Terence
  2423 | D:3      | Reached XP level 4. HP: 24/24 MP: 0/8
  2516 | D:3      | Reached skill level 1 in Armour
  2569 | D:3      | Found a radiant altar of Vehumet.
  2891 | D:3      | Noticed Grinder
  2917 | D:3      | Paralysed by Grinder for 3 turns
  2921 | D:3      | Killed Grinder
  2922 | D:3      | Reached skill level 6 in Conjurations
  2922 | D:3      | Reached XP level 5. HP: 23/28 MP: 0/11
  2922 | D:3      | Reached XP level 6. HP: 26/32 MP: 0/12
  3515 | D:4      | Noticed a black bear
  3525 | D:4      | Killed a black bear
  3526 | D:4      | Reached XP level 7. HP: 30/36 MP: 3/13
  3817 | D:4      | Learned a level 4 spell: Fulminant Prism
  3822 | D:4      | Learned a level 4 spell: Iskenderun's Mystic Blast
  3898 | D:4      | Gained mutation: You have somewhat slow reflexes. (EV -5)
                  | [Ru sacrifice]
  3898 | D:4      | Reached * piety under Ru
  4142 | D:4      | Noticed Pargi
  4151 | D:4      | Killed Pargi
  4330 | D:4      | Reached skill level 7 in Conjurations
  4770 | D:4      | Reached skill level 5 in Spellcasting
  4898 | D:4      | Reached XP level 8. HP: 41/41 MP: 8/15
  5057 | D:5      | Entered Level 5 of the Dungeon
  5068 | D:5      | Reached skill level 5 in Armour
  5178 | D:5      | Identified the +5 spear "Riuha" {venom, rPois rN+ Str+3}
  5199 | D:5      | Found a staircase to the Ecumenical Temple.
  5208 | Temple   | Entered the Ecumenical Temple
  5968 | D:5      | Reached skill level 8 in Conjurations
  6183 | D:5      | Learned a level 4 spell: Hailstorm
  6347 | D:6      | Noticed Sigmund
  6354 | D:6      | Killed Sigmund
  6592 | D:6      | Reached skill level 1 in Fighting
  6646 | D:6      | Reached XP level 9. HP: 47/47 MP: 12/18
  6716 | D:6      | Found a transporter.
  6723 | D:6      | Noticed a kobold demonologist
  6729 | D:6      | Noticed a kobold demonologist
  6735 | D:6      | Found a transporter.
  7071 | D:6      | Noticed Menkaure
  7078 | D:6      | Killed Menkaure
  7213 | D:6      | Found a blossoming altar of Fedhas.
  7213 | D:6      | Found a stormy altar of Qazlal.
  7214 | D:6      | Found a glowing silver altar of Zin.
  7385 | D:6      | Gained mutation: You cannot train Dodging skill. [Ru
                  | sacrifice]
  7385 | D:6      | Reached ** piety under Ru
  7946 | D:6      | Reached skill level 9 in Conjurations
  8645 | D:7      | Identified the +12 flail "Popnu" {vorpal, rN++ Str-2 Int+5}
  8827 | D:7      | Found an iron altar of Okawaru.
  9467 | D:8      | Noticed Grum
  9859 | D:8      | Reached skill level 1 in Maces & Flails
 10789 | D:8      | Killed Grum
 11017 | D:8      | Reached XP level 10. HP: 58/58 MP: 15/21
 11097 | D:8      | Noticed a cyclops
 11230 | D:8      | Killed a cyclops
 11231 | D:8      | Reached skill level 5 in Fighting
 11523 | D:8      | Found a burning altar of Makhleb.
 11580 | D:8      | Found an opulent altar of Gozag.
 11651 | D:8      | Found an ornate altar of the Wu Jian Council.
 11697 | D:8      | Gained mutation: You are frail. (-10% HP) [Ru sacrifice]
 11697 | D:8      | Reached *** piety under Ru
 11697 | D:8      | Reached **** piety under Ru
 12107 | D:8      | Reached skill level 10 in Conjurations
 12632 | D:9      | Noticed a two-headed ogre
 12695 | D:9      | Noticed a two-headed ogre
 13403 | D:9      | Found a staircase to the Lair.
 13602 | Lair:1   | Entered Level 1 of the Lair of Beasts
 13611 | Lair:1   | Learned a level 5 spell: Lightning Bolt
 13615 | Lair:1   | Learned a level 3 spell: Swiftness
 14383 | Lair:1   | Reached XP level 11. HP: 59/59 MP: 14/23
 14386 | Lair:1   | Reached skill level 5 in Maces & Flails
 15646 | Lair:1   | Reached skill level 11 in Conjurations
 16675 | Lair:2   | Found a staircase to the Snake Pit.
 17723 | Lair:3   | Noticed a bog body
 18286 | Lair:3   | Found a staircase to the Swamp.
 18690 | Lair:3   | Noticed a seven-headed hydra
 18706 | Lair:3   | Killed a seven-headed hydra
 18808 | Lair:3   | Noticed a seven-headed hydra
 18820 | Lair:3   | Killed a seven-headed hydra
 18821 | Lair:3   | Reached XP level 12. HP: 66/66 MP: 10/25
 19567 | Lair:3   | Noticed a death yak
 19584 | Lair:3   | Noticed a death yak
 19602 | Lair:3   | Killed a death yak
 19816 | Lair:3   | Noticed a death yak
 19832 | Lair:3   | Killed a death yak
 19833 | Lair:3   | Noticed a death yak
 19834 | Lair:3   | Noticed a death yak
 19859 | Lair:2   | Killed a death yak
 20121 | Lair:2   | Killed a death yak
 20122 | Lair:2   | Reached skill level 12 in Conjurations
 20349 | Lair:3   | Killed a death yak
 20827 | Lair:4   | Noticed Sonja
 21213 | Lair:4   | Killed Sonja
 21793 | Lair:4   | Noticed a five-headed hydra
 21800 | Lair:3   | Killed a five-headed hydra
 21801 | Lair:3   | Reached skill level 10 in Spellcasting
 22063 | Lair:4   | Reached skill level 10 in Armour
 22524 | Lair:4   | Noticed a four-headed hydra
 22540 | Lair:4   | Killed a four-headed hydra
 23804 | Lair:5   | Reached XP level 13. HP: 71/72 MP: 18/27
 25153 | Lair:6   | Entered Level 6 of the Lair of Beasts
 25165 | Lair:6   | Reached skill level 10 in Fighting
 25674 | Lair:5   | Reached skill level 13 in Conjurations
 27024 | Lair:6   | Found a viscous altar of Jiyva.
 27024 | Lair:6   | Found a staircase to the Slime Pits.
 27900 | Lair:6   | Reached skill level 1 in Evocations
 28444 | Lair:6   | Found a runed translucent door.
 28446 | Lair:6   | Identified the +7 trident "Trog's Indignation" {drain, rC+
                  | rN++ Str-4 SInv}
 28446 | Lair:6   | Noticed Hiezim's ghost (journeyman DECj)
 29518 | Lair:6   | Gained mutation: Your large and strong wings let you fly.
                  | [Gargoyle growth]
 29518 | Lair:6   | Reached XP level 14. HP: 79/79 MP: 7/29
 30320 | Lair:6   | Learned a level 2 spell: Poisonous Vapours
 30324 | Lair:6   | Learned a level 3 spell: Teleport Other
 31379 | D:9      | Found a staircase to the Orcish Mines.
 31449 | D:9      | Found a hazy altar of Hepliaklqana.
 31860 | D:10     | Entered Level 10 of the Dungeon
 33161 | D:11     | Noticed Gastronok
 33758 | D:10     | Killed Gastronok
 34289 | D:11     | Noticed Maurice
 34298 | D:11     | Killed Maurice
 34743 | D:11     | Reached skill level 14 in Conjurations
 35111 | D:11     | Noticed Fannar
 35308 | D:10     | Killed Fannar
 35652 | D:11     | Found a large runed translucent door.
 35652 | D:11     | Found a large runed translucent door.
 35655 | D:11     | Noticed ghwc's ghost (journeyman TrAK)
 35958 | D:12     | Noticed Erolcha
 35968 | D:12     | Killed Erolcha
 36888 | D:12     | Learned a level 4 spell: Leda's Liquefaction
 36899 | D:12     | Found a blossoming altar of Fedhas.
 37279 | D:13     | Gained mutation: Your body sometimes deteriorates upon
                  | taking damage. [potion of mutation]
 37280 | D:13     | Lost mutation: Your body sometimes deteriorates upon taking
                  | damage. [potion of mutation]
 37280 | D:13     | Gained mutation: You do not regenerate when monsters are
                  | visible. [potion of mutation]
 37280 | D:13     | Gained mutation: Your magical capacity is low. (-10% MP)
                  | [potion of mutation]
 39243 | Orc:1    | Entered Level 1 of the Orcish Mines
 40733 | Orc:2    | Entered Level 2 of the Orcish Mines
 40933 | Orc:2    | Found a staircase to the Elven Halls.
 41050 | Orc:2    | Noticed an orc warlord
 41071 | Orc:2    | Killed an orc warlord
 41072 | Orc:2    | Reached skill level 5 in Evocations
 41450 | Orc:2    | Reached skill level 1 in Air Magic
 41638 | Orc:2    | Reached XP level 15. HP: 81/86 MP: 22/27
 42572 | Orc:2    | Found Ihituf's CLEARANCE SALE!.
 42932 | Orc:2    | Found Desiligh's Antique Weapon Boutique.
 42934 | Orc:2    | Found Ilizatax's Antique Armour Boutique.
 42938 | Orc:2    | Found Wecs's Armour Shop.
 42939 | Orc:2    | Found Egaelimm's General Store.
 43086 | Orc:2    | Bought masterwork steam dragon scales for 1395 gold pieces
 43086 | Orc:2    | Identified the +1 steam dragon scales of Tartarus {Harm}
                  | (You bought it in a shop on level 2 of the Orcish Mines)
 43097 | Orc:2    | Bought the +0 pair of gloves of Ziurol {rC+ rN+ Int+3} for
                  | 406 gold pieces
 43483 | Orc:2    | Bought 2 potions of heal wounds for 40 gold pieces
 46384 | D:14     | Found a shimmering altar of Xom.
 46527 | D:14     | Found a gate to the Vaults.
 46660 | D:15     | Entered Level 15 of the Dungeon
 47423 | D:15     | Found a staircase to the Depths.
 48074 | D:15     | Noticed Kirke
 48082 | D:15     | Killed Kirke
 48693 | Swamp:1  | Entered Level 1 of the Swamp
 50433 | Swamp:1  | Reached XP level 16. HP: 87/90 MP: 9/29
 51417 | Swamp:1  | Learned a level 2 spell: Static Discharge
 51419 | Swamp:2  | Noticed Aizul
 51880 | Swamp:2  | Killed Aizul
 51881 | Swamp:2  | Reached skill level 5 in Air Magic
 53195 | Snake:1  | Entered Level 1 of the Snake Pit
 55226 | Snake:1  | Found a runed translucent gate.
 55226 | Snake:1  | Noticed nogo's ghost (adept HOFi)
 55228 | Snake:1  | Found a runed translucent gate.
 55234 | Snake:1  | Found a runed translucent gate.
 55318 | Snake:1  | Found Juafed's Book Shop.
 55319 | Snake:1  | Found Noikog's Jewellery Emporium.
 55320 | Snake:1  | Found Zoterief's Book Shop.
 56043 | Snake:1  | Upgraded the game from 0.28-b1-38-gff268fdeb9 to
                  | 0.28-b1-78-gc65acfa365
 56196 | Snake:2  | Reached skill level 15 in Conjurations
 56934 | Snake:2  | Noticed a nagaraja
 56970 | Snake:2  | Killed a nagaraja
 57145 | Snake:2  | Got the Catalogue of Freezing Heat
 57166 | Snake:2  | Found Bovoofas's Armour Boutique.
 57883 | Snake:2  | Reached skill level 1 in Hexes
 58382 | Snake:2  | Learned a level 4 spell: Flame Wave
 58470 | Snake:2  | Noticed a nagaraja
 58494 | Snake:2  | Killed a nagaraja
 59839 | Snake:3  | Noticed Vashnia
 60504 | Snake:3  | Reached skill level 5 in Stealth
 60910 | Snake:2  | HP: 4/93 [Vashnia/bolt (26)]
 60916 | Snake:2  | Shot with a bolt by Vashnia

Illustrated notes

Levels and vault maps discovered:
D:1:      evilmike_arrival_rings, layout_loops_ring, minmay_shallow_snake_nest
D:2:      layout_basic, shapermc_ecumenical_altar_pompeii, dk_noncrumbling_2,
          minmay_crystal_water, mrwooster_statue_mirror
D:3:      layout_basic, mainiacjoe_overflow_chevrons,
          nicolae_overflow_crystal_walls, old_standard_altar, uniq_grinder,
          uniq_terence
D:4:      minmay_skewed_foursquare, layout_basic, minmay_box_of_dots, uniq_pargi
D:5:      layout_loops_cross, minmay_temple_entry_stoned_glass,
          hangedman_decor_slide_cut
D:6:      gammafunk_wand_slinger, layout_basic, gammafunk_temple_overflow_claw,
          st_stairs_5, uniq_sigmund, uniq_menkaure
D:7:      layout_layer_cave, mainiacjoe_overflow_cross_hatched,
          hangedman_decor_riveting, grunt_decor_fettered,
          amcnicky_mini_corridor_feature
D:8:      layout_rooms, overflow_temple_1_default, grunt_gozag_breadcrumbs,
          mainiacjoe_overflow_alcove_2, uniq_grum
D:9:      layout_loops_ring, nicolae_hepliaklqana_hazy_memory,
          erik_lair_orcish_takeover, hiddenorc1_lemuel,
          kennysheep_generic_room_14
D:10:     layout_long_grid
D:11:     layout_cave_pools, ebering_ghost_disaster_area, uniq_maurice,
          uniq_fannar, uniq_gastronok
D:12:     layout_roguey, corexii_corridor_pit, minivault_4, fedhas_altar_1,
          uniq_erolcha
D:13:     layout_basic
D:14:     layout_rooms, david_vaults_5, xom_teletrap_fun
D:15:     grunt_enter_depths_giant_problem, layout_irregular_city,
          hangedman_abyss_or_decor_stagger, serial_bayou_pond_c, uniq_kirke
Temple:   jpeg_temple_clearing
Lair:1:   layout_roguey, grunt_megastairs_1
Lair:2:   layout_loops_ring, guppyfry_snake_entry_island, serial_rivers,
          chequers_serial_rivers_small_a, chequers_serial_rivers_small_a,
          chequers_serial_rivers_micro_c, chequers_serial_rivers_micro_b,
          chequers_serial_rivers_micro_a, grunt_megastairs_4
Lair:3:   layout_cave_pods, skrybe_swamp_entry_bodies
Lair:4:   layout_cave_shapes, uniq_sonja
Lair:5:   layout_regular_city
Lair:6:   gammafunk_lair_ancient_temple, layout_regular_city,
          dpeg_slime_entry_enclosed_altar, ebering_ghost_funeral_grove,
          gammafunk_lair_bear_cave
Swamp:1:  nicolae_swamp_decorative_isthmus, layout_basic_swamp,
          infiniplex_staircase_pool
Swamp:2:  nzn_winding_woodlands_three_and_one
          [nzn_winding_woodlands_5x15_sidewinder,
          nzn_winding_woodlands_5x15_jagged, nzn_winding_woodlands_5x15_pool,
          nzn_winding_woodlands_center_pierced_h], layout_falls_marsh,
          evilmike_swamp_ruin_rubble_2, uniq_aizul
Snake:1:  layout_misc_corridors, gammafunk_ghost_split,
          nicolae_snake_gridmaze_spiral, minmay_shop_grove
Snake:2:  layout_chambers, nicolae_stop_n_shop_1,
          nicolae_snake_gridmaze_entwining
Snake:3:  cheibrodos_forgotten_conduit, layout_misc_corridors,
          portal_ice_cave_entry_pillars_2, nicolae_coiled_stairwell_down,
          uniq_vashnia
Orc:1:    layout_caves
Orc:2:    st_orc_pillars, layout_caves, nicolae_shop_clearance

Skill      XL: |  1  2  3  4  5  6  7  8  9 10 11 12 13 14 15 16 |
---------------+-------------------------------------------------+-----
Conjurations   | 5 6 7 8 9 10 11 12 13 14 15 | 15.5
Spellcasting   | 3 4 5 6 7 8 9 10 11 12 13 | 13.8
Armour         | 2 3 4 6 7 9 10 11 12 13 14 | 14.5
Fighting       | 1 4 6 8 9 10 12 13 | 13.0
Dodging        | 0 |  0.0
Maces & Flails | 2 4 6 8 9 |  9.0
Evocations     | 2 5 6 |  6.6
Air Magic      | 1 4 6 |  6.1
Stealth        | 5 |  5.0
Hexes          | 2 |  2.5

Action                   |  1- 3 |  4- 6 |  7- 9 | 10-12 | 13-15 | 16-18 || total
-------------------------+-------+-------+-------+-------+-------+-------++-------
Melee: Unarmed           |    24 |       |       |       |       |       ||    24
       Punch             |     2 |       |       |       |       |       ||     2
       Whip              |     6 |     3 |       |       |       |       ||     9
       Mace              |       |       |     1 |       |       |       ||     1
       Flail             |       |       |       |    18 |    52 |    13 ||    83
 Cast: Magic Dart        |    66 |     9 |   121 |    89 |   112 |    19 ||   416
       Searing Ray       |     3 |    11 |    70 |    79 |   142 |    27 ||   332
       Iskenderun's Myst |       |       |     6 |    51 |   120 |    64 ||   241
       Fulminant Prism   |       |       |     1 |    65 |   305 |    85 ||   456
       Lightning Bolt    |       |       |       |    32 |   108 |    65 ||   205
       Hailstorm         |       |       |       |     1 |    16 |     4 ||    21
       Poisonous Vapours |       |       |       |       |     5 |     1 ||     6
       Leda's Liquefacti |       |       |       |       |     4 |       ||     4
       Teleport Other    |       |       |       |       |     4 |       ||     4
       Swiftness         |       |       |       |       |     1 |       ||     1
       Static Discharge  |       |       |       |       |       |    13 ||    13
       Flame Wave        |       |       |       |       |       |     9 ||     9
Invok: Sacrifice Health  |       |       |     1 |     1 |       |       ||     2
       Sacrifice Nimblen |       |       |     1 |       |       |       ||     1
       Draw Out Power    |       |       |       |     3 |    12 |     4 ||    19
       Power Leap        |       |       |       |     1 |       |       ||     1
       Reject Sacrifices |       |       |       |     1 |     2 |       ||     3
Evoke: Wand              |       |       |       |     1 |    15 |     3 ||    19
  Use: Potion            |     1 |       |     1 |     1 |     3 |     6 ||    12
       Scroll            |       |       |     5 |     4 |    22 |     2 ||    33
 Stab: Invisible         |       |       |       |       |       |     3 ||     3
Armor: Robe              |    13 |     5 |    17 |       |       |       ||    35
       Leather armour    |       |       |    12 |       |       |       ||    12
       Steam dragon scal |       |       |    34 |   156 |   386 |   182 ||   758
Dodge: Dodged            |    22 |     5 |    18 |    73 |   127 |    41 ||   286
Block: Buckler           |       |       |       |       |       |    10 ||    10
